Whalers vs Kings
(R2)
Created - 30 octobre 2012 at 21:25
Simulating a Pre-Season
Goals
|
| Whalers |
1 |
2 |
1 |
1 |
5 |
| Kings |
1 |
1 |
2 |
0 |
4 |
|
Shots
|
| Whalers |
8 |
14 |
7 |
4 |
33 |
| Kings |
14 |
5 |
11 |
2 |
32 |
|
1st period
1. Kings , Rick Nash 1 (Nik Antropov) at 6:21
2. Whalers , Antoine Vermette 1 (Filip Kuba, Jonas Hiller) at 14:51 (PP)
Penalties :
Daymond Langkow (Har) for Slashing (Minor) at 0:42, Alexei Morozov (LAK) for Goalie Interference (Minor) at 5:23, Brad Stuart (Har) for Cross-checking (Minor) at 5:23, Darryl Sydor (Har) for Hooking (Minor) at 7:33, Alexei Morozov (LAK) for Delaying the game (Minor) at 14:41
2nd period
3. Whalers , Antoine Vermette 2 (Brad Stuart) at 5:44 (SH)
4. Kings , Randy Robitaille 1 (François Beauchemin, Erik Cole) at 17:51
5. Whalers , Michael Rupp 1 (Antoine Vermette, Sami Kapanen) at 19:45
Penalties :
Jonas Hiller (Har) for Unsportsmanlike conduct (Major / Game Misconduct) at 3:23 - Nils Ekman served the penalty, Francis Bouillon (LAK) for Hooking (Minor) at 14:34
3rd period
6. Kings , Rick Nash 2 (Patrick Kane, Nik Antropov) at 7:08 (PP)
7. Kings , Patrick Kane 1 (Nicklas Lidstrom, Derek Boogaard) at 7:21
8. Whalers , Michael Rupp 2 (Darryl Sydor, Antoine Vermette) at 11:42
Penalties :
Mike Richards (LAK) for Hooking (Minor) at 0:29, Chad Kilger (Har) for Tripping (Minor) at 6:54, Derek Boogaard (LAK) for Interference (Minor) at 7:55, Erik Cole (LAK) for High sticking (Minor) at 15:39
Overtime #1
9. Whalers , Keith Ballard 1 (Pavel Datsyuk, Mark Eaton) at 2:52
Penalties :
Maxime Ouellet (Har) for Slashing (Minor) at 0:40 - Dan McGillis served the penalty
Goalie Stats
Jonas Hiller (Har), 14 saves from 15 shots - (0,933), 23:23 minutes
Maxime Ouellet (Har), 14 saves from 17 shots - (0,824), W, 1-0-0, 39:29 minutes
Jimmy Howard (LAK), 28 saves from 33 shots - (0,848), OTL, 0-0-1, 62:52 minutes
Players Stats for Whalers
Player Name G A P +/- PIM S H SB GA TA FO MP PP MP PK MP
------------------------------------------------------------------------------------
Andy McDonald 0 0 0 -1 0 2 0 0 0 0 2/3 16:02 0:12 2:19
Antoine Vermette 2 2 4 3 0 3 1 0 0 1 0/0 16:47 4:13 1:01
Brad Stuart 0 1 1 -1 2 2 4 0 1 0 0/0 19:05 3:27 4:31
Chad Kilger 0 0 0 -1 2 4 1 0 0 1 0/0 10:06 0:00 2:26
Dan McGillis 0 0 0 0 0 2 3 1 0 3 0/0 21:39 0:00 5:11
Darryl Sydor 0 1 1 -1 2 1 0 1 1 1 0/0 19:24 4:29 0:00
Daymond Langkow 0 0 0 1 2 2 1 0 0 0 1/3 10:34 0:00 1:17
Dominic Moore 0 0 0 -1 0 1 0 1 0 1 6/13 13:17 0:00 5:32
Filip Kuba 0 1 1 1 0 0 1 0 0 2 0/0 28:44 4:39 4:31
Joffrey Lupul 0 0 0 0 0 2 1 0 0 1 0/0 12:46 3:41 0:00
Keith Ballard 1 0 1 2 0 1 1 0 0 0 0/0 18:28 3:27 1:30
Mark Eaton 0 1 1 1 0 0 0 0 0 0 0/0 18:23 0:10 6:37
Michael Rupp 2 0 2 2 0 6 3 0 0 0 1/2 15:08 3:41 0:00
Nils Ekman 0 0 0 -1 0 1 1 0 0 0 0/0 10:09 0:00 2:24
Pavel Datsyuk 0 1 1 -1 0 4 7 1 1 0 16/34 21:46 4:25 2:46
Ray Whitney 0 0 0 0 0 1 1 0 0 0 0/0 12:40 3:41 0:00
Sami Kapanen 0 1 1 2 0 0 0 0 1 0 1/1 14:17 0:00 2:36
Todd Bertuzzi 0 0 0 -1 0 1 1 0 1 0 1/1 19:00 4:25 0:00
Players Stats for Kings
Player Name G A P +/- PIM S H SB GA TA FO MP PP MP PK MP
------------------------------------------------------------------------------------
Alexei Morozov 0 0 0 -2 4 2 2 0 2 1 1/1 18:29 4:03 0:00
Braydon Coburn 0 0 0 -1 0 0 2 4 1 0 0/0 24:39 0:00 4:43
Brian McGrattan 0 0 0 1 0 0 1 0 0 0 0/0 6:18 0:49 0:00
Bryan McCabe 0 0 0 1 0 0 0 0 1 0 0/0 14:36 4:24 0:38
Darcy Hordichuk 0 0 0 1 0 3 0 0 0 0 2/2 12:02 0:49 4:33
Derek Boogaard 0 1 1 1 2 1 4 0 0 0 0/2 14:24 0:00 1:19
Dustin Brown 0 0 0 -2 0 1 0 0 0 1 0/0 12:58 1:06 1:57
Erik Cole 0 1 1 -3 2 1 0 1 0 0 1/1 14:39 3:58 1:45
Francis Bouillon 0 0 0 -1 2 3 1 2 0 1 0/0 21:08 4:24 2:14
François Beauchemin 0 1 1 2 0 1 2 1 0 1 0/0 16:42 0:04 4:43
Mike Ricci 0 0 0 -2 0 1 2 0 0 0 0/2 11:38 0:00 2:05
Mike Richards 0 0 0 -2 2 2 1 0 0 1 9/19 18:56 4:03 0:00
Nicklas Lidstrom 0 1 1 -2 0 5 0 1 1 0 0/0 27:39 4:43 3:04
Nik Antropov 0 2 2 2 0 4 3 1 1 0 9/18 19:14 4:11 0:00
Patrick Kane 1 1 2 1 0 3 0 0 2 0 0/1 16:00 4:19 0:00
Randy Robitaille 1 0 1 1 0 1 1 0 0 0 7/10 9:34 0:00 4:33
Rick Nash 2 0 2 1 0 3 1 0 1 0 0/1 21:11 4:15 0:00
Ryan Whitney 0 0 0 -1 0 1 1 1 1 0 0/0 21:10 4:47 0:50
3 Stars
1 - Antoine Vermette (Har)
2 - Michael Rupp (Har)
3 - Rick Nash (LAK)
Power Play
Whalers - 1 on 5 Attempt(s) - 20,00%
Kings - 1 on 5 Attempt(s) - 20,00%
Penalty Kill
Whalers - 4 on 5 Attempt(s) - 80,00%
- Score 1 goal in Penalty Kill
Kings - 4 on 5 Attempt(s) - 80,00%
- Score 0 goal in Penalty Kill
Official
Referees : StPierre Justin and Kimmerly Greg
Linesman : Scott Driscoll and Derek Nansen
Game Notes
Jonas Hiller ejected from game at 3:23 of 2nd period
Maxime Ouellet enters game at 3:23 of 2nd period
Whalers
5 vs 5 Forward
Center Left Wing Right Wing Time % Phy DF OF
1 Pavel Datsyuk Andy McDonald Todd Bertuzzi 40 1 1 3
2 Michael Rupp Antoine Vermette Sami Kapanen 30 1 2 2
3 Daymond Langkow Ray Whitney Joffrey Lupul 20 1 2 2
4 Dominic Moore Chad Kilger Nils Ekman 10 1 2 2
5 vs 5 Defense
Defense Defense Time % Phy DF OF
1 Filip Kuba Dan McGillis 40 1 1 3
2 Darryl Sydor Brad Stuart 30 1 1 3
3 Mark Eaton Keith Ballard 20 1 3 1
4 Darryl Sydor Filip Kuba 10 1 2 2
PowerPlay Forward
Center Left Wing Right Wing Time % Phy DF OF
1 Pavel Datsyuk Antoine Vermette Todd Bertuzzi 60 1 1 3
2 Michael Rupp Ray Whitney Joffrey Lupul 40 1 1 3
PowerPlay Defense
Defense Defense Time % Phy DF OF
1 Darryl Sydor Filip Kuba 60 1 1 3
2 Keith Ballard Brad Stuart 40 1 1 3
Penalty Kill 4 Players Forward
Center Wing Time % Phy DF OF
1 Dominic Moore Nils Ekman 60 1 3 1
2 Pavel Datsyuk Chad Kilger 40 1 3 1
Penalty Kill 4 Players Defense
Defense Defense Time % Phy DF OF
1 Mark Eaton Dan McGillis 60 1 1 3
2 Brad Stuart Filip Kuba 40 1 3 1
Penalty Kill - 3 Players Forward
Forward Time % Phy DF OF
1 Dominic Moore 60 1 2 2
2 Pavel Datsyuk 40 1 2 2
Penalty Kill - 3 Players Defense
Defense Defense Time % Phy DF OF
1 Dan McGillis Mark Eaton 60 1 2 2
2 Brad Stuart Filip Kuba 40 1 2 2
4 vs 4 Forward
Center Wing Time % Phy DF OF
1 Pavel Datsyuk Todd Bertuzzi 60 1 2 2
2 Daymond Langkow Andy McDonald 40 1 2 2
4 vs 4 Defense
Defense Defense Time % Phy DF OF
1 Darryl Sydor Filip Kuba 60 1 2 2
2 Dan McGillis Brad Stuart 40 1 2 2
Last Minutes Offensive
Center Left Wing Right Wing Defense Defense
Pavel Datsyuk Antoine Vermette Todd Bertuzzi Darryl Sydor Filip Kuba
Last Minutes Defensive
Center Left Wing Right Wing Defense Defense
Pavel Datsyuk Antoine Vermette Todd Bertuzzi Darryl Sydor Filip Kuba
Goaltenders
Starting : Jonas Hiller
Backup : Maxime Ouellet
Extra Forwards
Normal : Ray Whitney, Michael Rupp, Sami Kapanen - PP : Ray Whitney, Michael Rupp - PK : Sami Kapanen
Extra Defensemen
Normal : Mark Eaton, Keith Ballard, Dan McGillis - PP : Mark Eaton - PK : Keith Ballard, Dan McGillis
Penalty Shots
Pavel Datsyuk, Todd Bertuzzi, Nils Ekman, Daymond Langkow, Antoine Vermette
Kings
5 vs 5 Forward
Center Left Wing Right Wing Time % Phy DF OF
1 Mike Richards Rick Nash Alexei Morozov 40 1 1 3
2 Nik Antropov Derek Boogaard Patrick Kane 35 2 1 2
3 Mike Ricci Erik Cole Dustin Brown 20 2 1 2
4 Randy Robitaille Darcy Hordichuk Brian McGrattan 5 1 3 1
5 vs 5 Defense
Defense Defense Time % Phy DF OF
1 Nicklas Lidstrom Braydon Coburn 40 0 2 3
2 Ryan Whitney Francis Bouillon 35 0 2 3
3 Bryan McCabe François Beauchemin 20 0 3 2
4 Nicklas Lidstrom François Beauchemin 5 1 2 2
PowerPlay Forward
Center Left Wing Right Wing Time % Phy DF OF
1 Nik Antropov Rick Nash Patrick Kane 60 0 0 5
2 Mike Richards Erik Cole Alexei Morozov 40 0 0 5
PowerPlay Defense
Defense Defense Time % Phy DF OF
1 Nicklas Lidstrom Ryan Whitney 60 0 2 3
2 Bryan McCabe Francis Bouillon 40 0 2 3
Penalty Kill 4 Players Forward
Center Wing Time % Phy DF OF
1 Randy Robitaille Darcy Hordichuk 60 2 3 0
2 Mike Ricci Erik Cole 40 2 3 0
Penalty Kill 4 Players Defense
Defense Defense Time % Phy DF OF
1 Braydon Coburn François Beauchemin 60 1 3 1
2 Nicklas Lidstrom Francis Bouillon 40 1 3 1
Penalty Kill - 3 Players Forward
Forward Time % Phy DF OF
1 Nik Antropov 60 1 4 0
2 Randy Robitaille 40 1 4 0
Penalty Kill - 3 Players Defense
Defense Defense Time % Phy DF OF
1 Braydon Coburn François Beauchemin 60 0 5 0
2 Nicklas Lidstrom Francis Bouillon 40 0 5 0
4 vs 4 Forward
Center Wing Time % Phy DF OF
1 Nik Antropov Rick Nash 60 0 2 3
2 Mike Richards Alexei Morozov 40 0 2 3
4 vs 4 Defense
Defense Defense Time % Phy DF OF
1 Nicklas Lidstrom Braydon Coburn 60 0 2 3
2 François Beauchemin Ryan Whitney 40 0 2 3
Last Minutes Offensive
Center Left Wing Right Wing Defense Defense
Nik Antropov Rick Nash Alexei Morozov Nicklas Lidstrom Ryan Whitney
Last Minutes Defensive
Center Left Wing Right Wing Defense Defense
Randy Robitaille Erik Cole Dustin Brown Braydon Coburn Francis Bouillon
Goaltenders
Starting : Jimmy Howard
Backup : Kevin Weekes
Extra Forwards
Normal : Darcy Hordichuk, Derek Boogaard, Dustin Brown - PP : Dustin Brown, Darcy Hordichuk - PK : Dustin Brown
Extra Defensemen
Normal : François Beauchemin, Francis Bouillon, Nicklas Lidstrom - PP : François Beauchemin - PK : Ryan Whitney, Bryan McCabe
Penalty Shots
Patrick Kane, Rick Nash, Alexei Morozov, Nicklas Lidstrom, Mike Richards
% Time on Ice - Whalers
Lines # - Real PCT - Wanted PCT - Time Play
Normal Forward
1 - 32% - 40% - 13:14
2 - 28% - 30% - 11:27
3 - 21% - 20% - 8:23
4 - 19% - 10% - 7:40
Normal Defense
1 - 40% - 40% - 16:20
2 - 30% - 30% - 12:21
3 - 26% - 20% - 10:46
4 - 3% - 10% - 1:17
PP Forward
1 - 55% - 60% - 4:25
2 - 45% - 40% - 3:41
PP Defense
1 - 57% - 60% - 4:39
2 - 43% - 40% - 3:27
PK Forward
1 - 74% - 60% - 6:45
2 - 26% - 40% - 2:26
PK Defense
1 - 57% - 60% - 5:12
2 - 43% - 40% - 3:59
PK3 Forward
1 - 83% - 60% - 1:39
2 - 17% - 40% - 0:20
PK3 Defense
1 - 73% - 60% - 1:27
2 - 27% - 40% - 0:32
44 Forward
1 - 72% - 60% - 2:04
2 - 28% - 40% - 0:48
44 Defense
1 - 69% - 60% - 1:59
2 - 31% - 40% - 0:53
Last Minute Offensive - 0:00
Last Minute Defensive - 0:00
Total
Forward - 62:52
Defense - 62:52
|
% Time on Ice - Kings
Lines # - Real PCT - Wanted PCT - Time Play
Normal Forward
1 - 37% - 40% - 14:58
2 - 29% - 35% - 11:37
3 - 22% - 20% - 9:09
4 - 12% - 5% - 5:00
Normal Defense
1 - 40% - 40% - 16:07
2 - 36% - 35% - 14:44
3 - 24% - 20% - 9:53
4 - 0% - 5% - 0:00
PP Forward
1 - 56% - 60% - 5:08
2 - 44% - 40% - 4:03
PP Defense
1 - 52% - 60% - 4:47
2 - 48% - 40% - 4:24
PK Forward
1 - 75% - 60% - 6:05
2 - 25% - 40% - 2:01
PK Defense
1 - 60% - 60% - 4:54
2 - 40% - 40% - 3:12
PK3 Forward
1 - 0% - 60%
2 - 0% - 40%
PK3 Defense
1 - 0% - 60%
2 - 0% - 40%
44 Forward
1 - 74% - 60% - 3:34
2 - 26% - 40% - 1:17
44 Defense
1 - 76% - 60% - 3:42
2 - 24% - 40% - 1:09
Last Minute Offensive - 0:00
Last Minute Defensive - 0:00
Total
Forward - 62:52
Defense - 62:52
|
Play by Play
1st period
0:01 of 1st period - Mike Richards wins face-off versus Pavel Datsyuk in neutral zone.
0:06 of 1st period - Wrist shot by Rick Nash.
0:06 of 1st period - Shot Misses the Net.
0:42 of 1st period - Minor Penalty to Daymond Langkow for Slashing.
0:43 of 1st period - Dominic Moore wins face-off versus Nik Antropov in Whalers zone.
0:43 of 1st period - Dominic Moore is hit by Nik Antropov.
0:54 of 1st period - Off-side.
0:55 of 1st period - Dominic Moore wins face-off versus Mike Richards in neutral zone.
1:11 of 1st period - Snap shot by Mike Richards.
1:11 of 1st period - Stopped by Jonas Hiller with a rebound.
1:21 of 1st period - Wrist shot by Patrick Kane.
1:21 of 1st period - Shot Misses the Net.
1:31 of 1st period - Wrist shot by Patrick Kane.
1:31 of 1st period - Shot Blocked by Dominic Moore.
1:41 of 1st period - Ryan Whitney is hit by Pavel Datsyuk and loses puck.
2:04 of 1st period - Snap shot by Patrick Kane.
2:04 of 1st period - Stopped by Jonas Hiller without a rebound.
2:05 of 1st period - Nik Antropov wins face-off versus Pavel Datsyuk in Whalers zone.
2:42 of 1st period - Penalty to Daymond Langkow is over, Daymond Langkow is back on ice.
2:54 of 1st period - Mark Eaton is hit by Randy Robitaille and loses puck.
3:29 of 1st period - Mark Eaton is hit by Ryan Whitney and loses puck.
3:33 of 1st period - Icing by Keith Ballard.
3:34 of 1st period - Mike Richards wins face-off versus Pavel Datsyuk in Whalers zone.
3:49 of 1st period - Wrist shot by Alexei Morozov.
3:49 of 1st period - Shot Blocked by Pavel Datsyuk.
4:08 of 1st period - Snap shot by Nik Antropov.
4:08 of 1st period - Stopped by Jonas Hiller with a rebound.
5:05 of 1st period - Snap shot by Pavel Datsyuk.
5:05 of 1st period - Stopped by Jimmy Howard without a rebound.
5:06 of 1st period - Michael Rupp wins face-off versus Nik Antropov in Kings zone.
5:19 of 1st period - Wrist shot by Patrick Kane.
5:19 of 1st period - Deflect By Nik Antropov.
5:19 of 1st period - Stopped by Jonas Hiller without a rebound.
5:20 of 1st period - Pavel Datsyuk wins face-off versus Mike Richards in Whalers zone.
5:20 of 1st period - Pavel Datsyuk is hit by Mike Richards.
5:23 of 1st period - Minor Penalty to Alexei Morozov for Goalie Interference.
5:23 of 1st period - Minor Penalty to Brad Stuart for Cross-checking.
5:24 of 1st period - Pavel Datsyuk wins face-off versus Nik Antropov in neutral zone.
5:27 of 1st period - Slapshot by Darryl Sydor.
5:27 of 1st period - Stopped by Jimmy Howard without a rebound.
5:28 of 1st period - Nik Antropov wins face-off versus Pavel Datsyuk in Kings zone.
6:07 of 1st period - Snap shot by Darcy Hordichuk.
6:07 of 1st period - Shot Misses the Net.
6:09 of 1st period - Slapshot by Braydon Coburn.
6:09 of 1st period - Deflect By Mike Richards.
6:09 of 1st period - Stopped by Jonas Hiller with a rebound.
6:11 of 1st period - Slapshot by Nicklas Lidstrom.
6:11 of 1st period - Deflect By Andy McDonald.
6:11 of 1st period - Stopped by Jonas Hiller without a rebound.
6:12 of 1st period - Nik Antropov wins face-off versus Pavel Datsyuk in Whalers zone.
6:21 of 1st period - Wrist shot by Rick Nash.
6:21 of 1st period - Goal by Rick Nash - Whalers : 0 - Kings : 1.
6:22 of 1st period - Pavel Datsyuk wins face-off versus Nik Antropov in neutral zone.
6:29 of 1st period - Snap shot by Todd Bertuzzi.
6:29 of 1st period - Shot Blocked by Nik Antropov.
7:23 of 1st period - Penalty to Alexei Morozov is over, Alexei Morozov is back on ice.
7:23 of 1st period - Penalty to Brad Stuart is over, Brad Stuart is back on ice.
7:33 of 1st period - Minor Penalty to Darryl Sydor for Hooking.
7:34 of 1st period - Dominic Moore wins face-off versus Mike Richards in Whalers zone.
8:38 of 1st period - Alexei Morozov is hit by Chad Kilger and loses puck.
9:33 of 1st period - Penalty to Darryl Sydor is over, Darryl Sydor is back on ice.
10:11 of 1st period - Snap shot by Mike Ricci.
10:11 of 1st period - Stopped by Jonas Hiller with a rebound.
11:21 of 1st period - Icing by Nils Ekman.
11:22 of 1st period - Randy Robitaille wins face-off versus Daymond Langkow in Whalers zone.
11:54 of 1st period - Snap shot by Daymond Langkow.
11:54 of 1st period - Stopped by Jimmy Howard without a rebound.
11:55 of 1st period - Pavel Datsyuk wins face-off versus Mike Richards in Kings zone.
12:12 of 1st period - Mike Richards is hit by Pavel Datsyuk and loses puck.
13:09 of 1st period - Wrist shot by Darryl Sydor.
13:09 of 1st period - Deflect By Daymond Langkow.
13:09 of 1st period - Shot Misses the Net.
13:09 of 1st period - Puck is out of play.
13:10 of 1st period - Pavel Datsyuk wins face-off versus Randy Robitaille in Kings zone.
13:15 of 1st period - Snap shot by Andy McDonald.
13:15 of 1st period - Shot Blocked by Nicklas Lidstrom.
13:17 of 1st period - Wrist shot by Andy McDonald.
13:17 of 1st period - Shot Misses the Net.
13:19 of 1st period - Wrist shot by Andy McDonald.
13:19 of 1st period - Stopped by Jimmy Howard without a rebound.
13:20 of 1st period - Mike Richards wins face-off versus Andy McDonald in Kings zone.
14:10 of 1st period - Wrist shot by Michael Rupp.
14:10 of 1st period - Shot Misses the Net.
14:41 of 1st period - Minor Penalty to Alexei Morozov for Delaying the game.
14:42 of 1st period - Randy Robitaille wins face-off versus Pavel Datsyuk in Kings zone.
14:51 of 1st period - Slapshot by Antoine Vermette.
14:51 of 1st period - Goal by Antoine Vermette - Whalers : 1 - Kings : 1.
14:52 of 1st period - Pavel Datsyuk wins face-off versus Nik Antropov in neutral zone.
15:46 of 1st period - Slapshot by Nicklas Lidstrom.
15:46 of 1st period - Stopped by Jonas Hiller without a rebound.
15:47 of 1st period - Randy Robitaille wins face-off versus Pavel Datsyuk in Whalers zone.
15:48 of 1st period - Slapshot by Nicklas Lidstrom.
15:48 of 1st period - Stopped by Jonas Hiller with a rebound.
15:50 of 1st period - Wrist shot by Darcy Hordichuk.
15:50 of 1st period - Stopped by Jonas Hiller without a rebound.
15:51 of 1st period - Pavel Datsyuk wins face-off versus Mike Richards in Whalers zone.
15:58 of 1st period - Alexei Morozov is hit by Pavel Datsyuk and loses puck.
16:03 of 1st period - Wrist shot by Pavel Datsyuk.
16:03 of 1st period - Shot Misses the Net.
16:05 of 1st period - Snap shot by Pavel Datsyuk.
16:05 of 1st period - Stopped by Jimmy Howard with a rebound.
16:07 of 1st period - Slapshot by Mark Eaton.
16:07 of 1st period - Shot Blocked by Braydon Coburn.
16:41 of 1st period - Icing by Mark Eaton.
16:42 of 1st period - Erik Cole wins face-off versus Daymond Langkow in Whalers zone.
16:49 of 1st period - Ryan Whitney is hit by Keith Ballard and loses puck.
16:54 of 1st period - Wrist shot by Ray Whitney.
16:54 of 1st period - Stopped by Jimmy Howard with a rebound.
16:56 of 1st period - Slapshot by Joffrey Lupul.
16:56 of 1st period - Shot Blocked by Francis Bouillon.
16:58 of 1st period - Wrist shot by Daymond Langkow.
16:58 of 1st period - Stopped by Jimmy Howard with a rebound.
17:08 of 1st period - Snap shot by Erik Cole.
17:08 of 1st period - Shot Blocked by Dan McGillis.
17:10 of 1st period - Backhand shot by Francis Bouillon.
17:10 of 1st period - Stopped by Jonas Hiller without a rebound.
17:11 of 1st period - Mike Richards wins face-off versus Pavel Datsyuk in Whalers zone.
17:36 of 1st period - Filip Kuba is hit by Mike Ricci and loses puck.
18:03 of 1st period - Antoine Vermette is hit by Derek Boogaard and loses puck.
18:29 of 1st period - Slapshot by Francis Bouillon.
18:29 of 1st period - Stopped by Jonas Hiller with a rebound.
19:17 of 1st period - Wrist shot by Dustin Brown.
19:17 of 1st period - Shot Misses the Net.
19:19 of 1st period - Slapshot by Francis Bouillon.
19:19 of 1st period - Shot Misses the Net.
19:21 of 1st period - Wrist shot by Mike Ricci.
19:21 of 1st period - Shot Misses the Net.
19:23 of 1st period - Snap shot by Francis Bouillon.
19:23 of 1st period - Stopped by Jonas Hiller with a rebound.
19:25 of 1st period - Slapshot by Mike Ricci.
19:25 of 1st period - Shot Misses the Net.
2nd period
0:01 of 2nd period - Alexei Morozov wins face-off versus Pavel Datsyuk in neutral zone.
0:14 of 2nd period - Todd Bertuzzi is hit by François Beauchemin and loses puck.
0:50 of 2nd period - Slapshot by Filip Kuba.
0:50 of 2nd period - Shot Blocked by Erik Cole.
0:52 of 2nd period - Slapshot by Chad Kilger.
0:52 of 2nd period - Stopped by Jimmy Howard without a rebound.
0:53 of 2nd period - Dominic Moore wins face-off versus Mike Richards in Kings zone.
0:54 of 2nd period - Slapshot by Nils Ekman.
0:54 of 2nd period - Stopped by Jimmy Howard with a rebound.
1:03 of 2nd period - Darryl Sydor is hit by Alexei Morozov and loses puck.
1:18 of 2nd period - Nik Antropov is hit by Pavel Datsyuk and loses puck.
1:27 of 2nd period - Snap shot by Andy McDonald.
1:27 of 2nd period - Stopped by Jimmy Howard without a rebound.
1:28 of 2nd period - Mike Richards wins face-off versus Michael Rupp in Kings zone.
1:28 of 2nd period - Mike Richards is hit by Dan McGillis.
1:31 of 2nd period - Rick Nash is hit by Filip Kuba and loses puck.
1:57 of 2nd period - Off-side.
1:58 of 2nd period - Daymond Langkow wins face-off versus Nik Antropov in neutral zone.
2:05 of 2nd period - Snap shot by Derek Boogaard.
2:05 of 2nd period - Deflect By Nik Antropov.
2:05 of 2nd period - Shot Hit the Post.
2:05 of 2nd period - Puck is out of play.
2:06 of 2nd period - Todd Bertuzzi wins face-off versus Derek Boogaard in Whalers zone.
2:12 of 2nd period - Icing by Mark Eaton.
2:13 of 2nd period - Pavel Datsyuk wins face-off versus Mike Richards in Whalers zone.
3:10 of 2nd period - Erik Cole is hit by Joffrey Lupul and loses puck.
3:23 of 2nd period - Snap shot by Alexei Morozov.
3:23 of 2nd period - Stopped by Jonas Hiller without a rebound.
3:23 of 2nd period - Major / Game Misconduct Penalty to Jonas Hiller for Unsportsmanlike conduct.
3:23 of 2nd period - Jonas Hiller is ejected from game.
3:23 of 2nd period - Maxime Ouellet enters game.
3:24 of 2nd period - Nik Antropov wins face-off versus Dominic Moore in Whalers zone.
5:44 of 2nd period - Snap shot by Antoine Vermette.
5:44 of 2nd period - Goal by Antoine Vermette - Whalers : 2 - Kings : 1.
5:45 of 2nd period - Nik Antropov wins face-off versus Dominic Moore in neutral zone.
6:12 of 2nd period - Andy McDonald is hit by Alexei Morozov and loses puck.
6:29 of 2nd period - Snap shot by Dan McGillis.
6:29 of 2nd period - Stopped by Jimmy Howard with a rebound.
6:45 of 2nd period - Chad Kilger is hit by Rick Nash and loses puck.
7:20 of 2nd period - Sami Kapanen is hit by Francis Bouillon and loses puck.
7:27 of 2nd period - Wrist shot by Dustin Brown.
7:27 of 2nd period - Shot Misses the Net.
7:29 of 2nd period - Backhand shot by Darcy Hordichuk.
7:29 of 2nd period - Shot Misses the Net.
8:23 of 2nd period - Penalty to Nils Ekman is over, Nils Ekman is back on ice.
9:35 of 2nd period - François Beauchemin is hit by Pavel Datsyuk and loses puck.
9:48 of 2nd period - Chad Kilger is hit by Derek Boogaard and loses puck.
10:41 of 2nd period - Francis Bouillon is hit by Brad Stuart and loses puck.
11:14 of 2nd period - Sami Kapanen is hit by François Beauchemin and loses puck.
11:21 of 2nd period - Bryan McCabe is hit by Michael Rupp.
11:33 of 2nd period - Alexei Morozov is hit by Daymond Langkow and loses puck.
12:06 of 2nd period - Mike Richards is hit by Brad Stuart and loses puck.
12:19 of 2nd period - Mark Eaton is hit by Brian McGrattan and loses puck.
12:42 of 2nd period - Wrist shot by Joffrey Lupul.
12:42 of 2nd period - Stopped by Jimmy Howard without a rebound.
12:43 of 2nd period - Nik Antropov wins face-off versus Pavel Datsyuk in Kings zone.
12:43 of 2nd period - Nik Antropov is hit by Pavel Datsyuk.
13:07 of 2nd period - Snap shot by Michael Rupp.
13:07 of 2nd period - Stopped by Jimmy Howard with a rebound.
13:53 of 2nd period - Slapshot by Filip Kuba.
13:53 of 2nd period - Shot Misses the Net.
13:55 of 2nd period - Snap shot by Chad Kilger.
13:55 of 2nd period - Shot Misses the Net.
13:57 of 2nd period - Slapshot by Chad Kilger.
13:57 of 2nd period - Stopped by Jimmy Howard without a rebound.
13:58 of 2nd period - Mike Richards wins face-off versus Dominic Moore in Kings zone.
14:27 of 2nd period - Off-side.
14:28 of 2nd period - Pavel Datsyuk wins face-off versus Mike Ricci in neutral zone.
14:34 of 2nd period - Minor Penalty to Francis Bouillon for Hooking.
14:35 of 2nd period - Darcy Hordichuk wins face-off versus Pavel Datsyuk in Kings zone.
15:06 of 2nd period - Slapshot by Michael Rupp.
15:06 of 2nd period - Shot Misses the Net.
15:10 of 2nd period - Slapshot by Michael Rupp.
15:10 of 2nd period - Stopped by Jimmy Howard with a rebound.
15:12 of 2nd period - Snap shot by Michael Rupp.
15:12 of 2nd period - Shot Misses the Net.
16:34 of 2nd period - Penalty to Francis Bouillon is over, Francis Bouillon is back on ice.
16:52 of 2nd period - Slapshot by Ryan Whitney.
16:52 of 2nd period - Deflect By Nils Ekman.
16:52 of 2nd period - Stopped by Maxime Ouellet without a rebound.
16:53 of 2nd period - Mike Richards wins face-off versus Dominic Moore in Whalers zone.
17:00 of 2nd period - Snap shot by Chad Kilger.
17:00 of 2nd period - Stopped by Jimmy Howard with a rebound.
17:18 of 2nd period - Derek Boogaard is hit by Antoine Vermette and loses puck.
17:25 of 2nd period - Backhand shot by Nicklas Lidstrom.
17:25 of 2nd period - Deflect By Daymond Langkow.
17:25 of 2nd period - Stopped by Maxime Ouellet with a rebound.
17:37 of 2nd period - Snap shot by Mike Ricci.
17:37 of 2nd period - Deflect By Dustin Brown.
17:37 of 2nd period - Stopped by Maxime Ouellet with a rebound.
17:49 of 2nd period - Slapshot by François Beauchemin.
17:49 of 2nd period - Shot Blocked by Darryl Sydor.
17:51 of 2nd period - Snap shot by Randy Robitaille.
17:51 of 2nd period - Goal by Randy Robitaille - Whalers : 2 - Kings : 2.
17:52 of 2nd period - Andy McDonald wins face-off versus Mike Richards in neutral zone.
17:55 of 2nd period - Rick Nash is hit by Dan McGillis and loses puck.
18:45 of 2nd period - Michael Rupp is hit by Derek Boogaard and loses puck.
19:17 of 2nd period - Slapshot by Darryl Sydor.
19:17 of 2nd period - Deflect By Michael Rupp.
19:17 of 2nd period - Stopped by Jimmy Howard with a rebound.
19:19 of 2nd period - Snap shot by Sami Kapanen.
19:19 of 2nd period - Shot Misses the Net.
19:21 of 2nd period - Slapshot by Brad Stuart.
19:21 of 2nd period - Stopped by Jimmy Howard with a rebound.
19:23 of 2nd period - Slapshot by Brad Stuart.
19:23 of 2nd period - Shot Blocked by Francis Bouillon.
19:25 of 2nd period - Slapshot by Darryl Sydor.
19:25 of 2nd period - Shot Blocked by Ryan Whitney.
19:27 of 2nd period - Snap shot by Antoine Vermette.
19:27 of 2nd period - Stopped by Jimmy Howard with a rebound.
19:29 of 2nd period - Slapshot by Sami Kapanen.
19:29 of 2nd period - Shot Misses the Net.
19:45 of 2nd period - Snap shot by Michael Rupp.
19:45 of 2nd period - Goal by Michael Rupp - Whalers : 3 - Kings : 2.
19:46 of 2nd period - Mike Richards wins face-off versus Pavel Datsyuk in neutral zone.
19:59 of 2nd period - Slapshot by Filip Kuba.
19:59 of 2nd period - Shot Misses the Net.
3rd period
0:01 of 3rd period - Andy McDonald wins face-off versus Patrick Kane in neutral zone.
0:29 of 3rd period - Minor Penalty to Mike Richards for Hooking.
0:30 of 3rd period - Pavel Datsyuk wins face-off versus Randy Robitaille in Kings zone.
2:29 of 3rd period - Penalty to Mike Richards is over, Mike Richards is back on ice.
2:29 of 3rd period - Bryan McCabe is hit by Pavel Datsyuk and loses puck.
2:44 of 3rd period - Snap shot by Mike Richards.
2:44 of 3rd period - Deflect By Dustin Brown.
2:44 of 3rd period - Shot Misses the Net.
2:44 of 3rd period - Puck is out of play.
2:45 of 3rd period - Dominic Moore wins face-off versus Rick Nash in Whalers zone.
2:58 of 3rd period - Slapshot by Nils Ekman.
2:58 of 3rd period - Shot Misses the Net.
3:10 of 3rd period - Daymond Langkow is hit by Nik Antropov and loses puck.
3:45 of 3rd period - Wrist shot by Darcy Hordichuk.
3:45 of 3rd period - Stopped by Maxime Ouellet with a rebound.
3:47 of 3rd period - Snap shot by François Beauchemin.
3:47 of 3rd period - Deflect By Dan McGillis.
3:47 of 3rd period - Stopped by Maxime Ouellet with a rebound.
3:49 of 3rd period - Snap shot by Bryan McCabe.
3:49 of 3rd period - Shot Misses the Net.
3:51 of 3rd period - Slapshot by Darcy Hordichuk.
3:51 of 3rd period - Stopped by Maxime Ouellet with a rebound.
3:53 of 3rd period - Snap shot by Darcy Hordichuk.
3:53 of 3rd period - Shot Misses the Net.
3:55 of 3rd period - Snap shot by Darcy Hordichuk.
3:55 of 3rd period - Shot Misses the Net.
5:09 of 3rd period - Wrist shot by Todd Bertuzzi.
5:09 of 3rd period - Deflect By Pavel Datsyuk.
5:09 of 3rd period - Stopped by Jimmy Howard with a rebound.
5:11 of 3rd period - Snap shot by Andy McDonald.
5:11 of 3rd period - Shot Misses the Net.
6:08 of 3rd period - Andy McDonald is hit by Mike Ricci and loses puck.
6:15 of 3rd period - Bryan McCabe is hit by Todd Bertuzzi and loses puck.
6:51 of 3rd period - Icing by Nicklas Lidstrom.
6:52 of 3rd period - Mike Richards wins face-off versus Dominic Moore in Kings zone.
6:54 of 3rd period - Minor Penalty to Chad Kilger for Tripping.
6:55 of 3rd period - Nik Antropov wins face-off versus Dominic Moore in Whalers zone.
7:06 of 3rd period - Snap shot by Rick Nash.
7:06 of 3rd period - Shot Misses the Net.
7:08 of 3rd period - Snap shot by Rick Nash.
7:08 of 3rd period - Goal by Rick Nash - Whalers : 3 - Kings : 3.
7:09 of 3rd period - Pavel Datsyuk wins face-off versus Derek Boogaard in neutral zone.
7:11 of 3rd period - Dan McGillis is hit by Braydon Coburn.
7:19 of 3rd period - Backhand shot by Nicklas Lidstrom.
7:19 of 3rd period - Stopped by Maxime Ouellet with a rebound.
7:21 of 3rd period - Slapshot by Patrick Kane.
7:21 of 3rd period - Goal by Patrick Kane - Whalers : 3 - Kings : 4.
7:22 of 3rd period - Pavel Datsyuk wins face-off versus Mike Richards in neutral zone.
7:33 of 3rd period - Snap shot by Dan McGillis.
7:33 of 3rd period - Stopped by Jimmy Howard with a rebound.
7:55 of 3rd period - Minor Penalty to Derek Boogaard for Interference.
7:56 of 3rd period - Randy Robitaille wins face-off versus Pavel Datsyuk in Kings zone.
8:50 of 3rd period - Francis Bouillon is hit by Michael Rupp and loses puck.
9:07 of 3rd period - Wrist shot by Michael Rupp.
9:07 of 3rd period - Deflect By Joffrey Lupul.
9:07 of 3rd period - Deflect By Nicklas Lidstrom.
9:07 of 3rd period - Stopped by Jimmy Howard without a rebound.
9:08 of 3rd period - Darcy Hordichuk wins face-off versus Pavel Datsyuk in Kings zone.
9:19 of 3rd period - Slapshot by Filip Kuba.
9:19 of 3rd period - Shot Blocked by Braydon Coburn.
9:21 of 3rd period - Snap shot by Antoine Vermette.
9:21 of 3rd period - Deflect By Todd Bertuzzi.
9:21 of 3rd period - Shot Blocked by Braydon Coburn.
9:21 of 3rd period - Puck is out of play.
9:22 of 3rd period - Randy Robitaille wins face-off versus Pavel Datsyuk in Kings zone.
9:55 of 3rd period - Penalty to Derek Boogaard is over, Derek Boogaard is back on ice.
10:01 of 3rd period - Snap shot by Rick Nash.
10:01 of 3rd period - Stopped by Maxime Ouellet with a rebound.
10:15 of 3rd period - Alexei Morozov is hit by Nils Ekman.
10:36 of 3rd period - Wrist shot by Nils Ekman.
10:36 of 3rd period - Shot Hit the Post.
10:38 of 3rd period - Slapshot by Brad Stuart.
10:38 of 3rd period - Shot Misses the Net.
10:40 of 3rd period - Snap shot by Brad Stuart.
10:40 of 3rd period - Deflect By Nicklas Lidstrom.
10:40 of 3rd period - Stopped by Jimmy Howard with a rebound.
10:42 of 3rd period - Wrist shot by Chad Kilger.
10:42 of 3rd period - Stopped by Jimmy Howard without a rebound.
10:43 of 3rd period - Pavel Datsyuk wins face-off versus Nik Antropov in Kings zone.
11:14 of 3rd period - Wrist shot by Erik Cole.
11:14 of 3rd period - Shot Hit the Post.
11:16 of 3rd period - Snap shot by Erik Cole.
11:16 of 3rd period - Stopped by Maxime Ouellet without a rebound.
11:17 of 3rd period - Sami Kapanen wins face-off versus Mike Ricci in Whalers zone.
11:34 of 3rd period - Snap shot by Michael Rupp.
11:34 of 3rd period - Shot Blocked by Braydon Coburn.
11:38 of 3rd period - Snap shot by Michael Rupp.
11:38 of 3rd period - Shot Misses the Net.
11:40 of 3rd period - Backhand shot by Michael Rupp.
11:40 of 3rd period - Stopped by Jimmy Howard with a rebound.
11:42 of 3rd period - Snap shot by Michael Rupp.
11:42 of 3rd period - Goal by Michael Rupp - Whalers : 4 - Kings : 4.
11:43 of 3rd period - Nik Antropov wins face-off versus Pavel Datsyuk in neutral zone.
12:17 of 3rd period - Daymond Langkow is hit by Nik Antropov and loses puck.
12:30 of 3rd period - Snap shot by Nik Antropov.
12:30 of 3rd period - Shot Misses the Net.
12:32 of 3rd period - Snap shot by Derek Boogaard.
12:32 of 3rd period - Stopped by Maxime Ouellet with a rebound.
12:34 of 3rd period - Snap shot by Nik Antropov.
12:34 of 3rd period - Deflect By Patrick Kane.
12:34 of 3rd period - Stopped by Maxime Ouellet with a rebound.
12:36 of 3rd period - Snap shot by Nik Antropov.
12:36 of 3rd period - Stopped by Maxime Ouellet without a rebound.
12:37 of 3rd period - Pavel Datsyuk wins face-off versus Mike Richards in Whalers zone.
13:28 of 3rd period - Bryan McCabe is hit by Brad Stuart and loses puck.
13:54 of 3rd period - François Beauchemin is hit by Ray Whitney and loses puck.
14:04 of 3rd period - Off-side.
14:05 of 3rd period - Randy Robitaille wins face-off versus Pavel Datsyuk in neutral zone.
15:23 of 3rd period - Francis Bouillon is hit by Brad Stuart and loses puck.
15:39 of 3rd period - Minor Penalty to Erik Cole for High sticking.
15:40 of 3rd period - Pavel Datsyuk wins face-off versus Randy Robitaille in Kings zone.
15:45 of 3rd period - Slapshot by Pavel Datsyuk.
15:45 of 3rd period - Shot Misses the Net.
15:47 of 3rd period - Snap shot by Keith Ballard.
15:47 of 3rd period - Shot Hit the Post.
15:49 of 3rd period - Snap shot by Keith Ballard.
15:49 of 3rd period - Shot Blocked by François Beauchemin.
16:12 of 3rd period - Off-side.
16:13 of 3rd period - Randy Robitaille wins face-off versus Pavel Datsyuk in neutral zone.
16:48 of 3rd period - Snap shot by Mike Ricci.
16:48 of 3rd period - Shot Misses the Net.
17:39 of 3rd period - Penalty to Erik Cole is over, Erik Cole is back on ice.
17:40 of 3rd period - Mike Ricci is hit by Michael Rupp and loses puck.
19:46 of 3rd period - Rick Nash is hit by Dan McGillis.
Overtime #1
0:01 of 1st overtime period - Pavel Datsyuk wins face-off versus Nik Antropov in neutral zone.
0:14 of 1st overtime period - Snap shot by Todd Bertuzzi.
0:14 of 1st overtime period - Shot Misses the Net.
0:16 of 1st overtime period - Snap shot by Todd Bertuzzi.
0:16 of 1st overtime period - Shot Misses the Net.
0:40 of 1st overtime period - Slapshot by Nicklas Lidstrom.
0:40 of 1st overtime period - Deflect By Alexei Morozov.
0:40 of 1st overtime period - Stopped by Maxime Ouellet without a rebound.
0:40 of 1st overtime period - Minor Penalty to Maxime Ouellet for Slashing.
0:41 of 1st overtime period - Nik Antropov wins face-off versus Dominic Moore in Whalers zone.
0:48 of 1st overtime period - Snap shot by Nik Antropov.
0:48 of 1st overtime period - Stopped by Maxime Ouellet without a rebound.
0:49 of 1st overtime period - Dominic Moore wins face-off versus Nik Antropov in Whalers zone.
1:04 of 1st overtime period - Wrist shot by Dominic Moore.
1:04 of 1st overtime period - Stopped by Jimmy Howard with a rebound.
2:14 of 1st overtime period - Keith Ballard is hit by Derek Boogaard and loses puck.
2:33 of 1st overtime period - Daymond Langkow is hit by Braydon Coburn and loses puck.
2:40 of 1st overtime period - Penalty to Dan McGillis is over, Dan McGillis is back on ice.
2:48 of 1st overtime period - Snap shot by Todd Bertuzzi.
2:48 of 1st overtime period - Stopped by Jimmy Howard with a rebound.
2:50 of 1st overtime period - Slapshot by Mark Eaton.
2:50 of 1st overtime period - Deflect By Pavel Datsyuk.
2:50 of 1st overtime period - Stopped by Jimmy Howard with a rebound.
2:52 of 1st overtime period - Snap shot by Keith Ballard.
2:52 of 1st overtime period - Goal by Keith Ballard - Whalers : 5 - Kings : 4.
Output by the SimonT Hockey Simulator (STHS) for François Prévost -- Original Page W3C XHTML 1.0 Valid